 Dungeon Crawl Stone Soup version 0.30.0-16-gbe6223bb7e (webtiles) character file.

Game seed: 13128954115192336305

6558 browni3141 the Thaumaturge (level 10, 0/67 HPs)
             Began as a Mummy Summoner on May 20, 2023.
             Was a Follower of Kikubaaqudgha.
             Shot with a sling bullet by Joseph (4 damage)
             ... on level 9 of the Dungeon.
             The game lasted 00:28:04 (3679 turns).

browni3141 the Thaumaturge (Mummy Summoner)         Turns: 3679, Time: 00:28:04

Health: 0/67       AC:  9    Str: 12    XL:     10   Next: 70%
Magic:  2/28       EV: 12    Int: 18    God:    Kikubaaqudgha [*.....]
Gold:   299        SH:  0    Dex: 13    Spells: 17/37 levels left

rFire   x . .        f - +0 scythe
rCold   + . .        (shield currently unavailable)
rNeg    + + +        X - +0 steam dragon scales
rPois   ∞            U - +2 hat {Stlth+}
rElec   .            W - +1 cloak
rCorr   +            (no gloves)
SInv    .            (no boots)
Will    +....        d - amulet of the acrobat
Stlth   +++          T - ring of resist corrosion
HPRegen 0.31/turn    (no ring)
MPRegen 0.21/turn

%: acrobat, faith
@: studying Spellcasting
A: cold resistance 1, negative energy resistance 3, torment resistance 2, heat
vulnerability 1, in touch with death 1, no potions, faith
a: Renounce Religion, Unearth Wretches


You were on level 9 of the Dungeon.
You worshipped Kikubaaqudgha.
Kikubaaqudgha was aware of your devotion.
You visited 2 branches of the dungeon, and saw 10 of its levels.

You collected 299 gold pieces.

Inventory:

Hand Weapons
 e - a +0 dagger
 f - a +0 scythe (weapon)
Missiles
 J - 5 poisoned darts
 Z - a throwing net
Armour
 a - a +0 robe
 k - a +2 robe of fire resistance
 U - a +2 hat of stealth (worn)
 W - a +1 cloak (worn)
 X - +0 steam dragon scales (worn)
Jewellery
 d - an amulet of the acrobat (around neck)
 T - a ring of resist corrosion (left hand)
Wands
 I - a wand of iceblast (4)
 V - a wand of flame (27)
Scrolls
 c - 2 scrolls of poison
 g - 4 scrolls of teleportation
 h - a scroll of enchant armour
 j - a scroll of noise
 l - 3 scrolls of vulnerability
 r - 2 scrolls of identify
 F - a scroll of fog
 Y - a scroll of butterflies {unknown}


   Skills:
 - Level 2.0 Fighting
 - Level 2.0 Dodging
 - Level 2.0 Stealth
 + Level 14.0 Spellcasting
 - Level 7.0 Summonings
 * Level 10.0 Necromancy
 - Level 2.0 Evocations


You had 17 spell levels left.
You knew the following spells:

 Your Spells              Type           Power      Damage    Failure   Level
a - Call Canine Familiar  Summ           37%        N/A       1%          3
d - Animate Dead          Necr           64%        N/A       1%          4
g - Summon Guardian Gole  Hex/Summ       25%        N/A       3%          3
l - Summon Lightning Spi  Summ/Air       25%        N/A       12%         4
v - Vampiric Draining     Necr           64%        2d10      1%          3
x - Call Imp              Summ           74%        N/A       1%          2
z - Summon Small Mammal   Summ           100%       N/A       1%          1

Your spell library contained the following spells:

 Spells                   Type           Power      Damage    Failure   Level
 Necrotise                Necr           100%       1d9       1%          1
 Cigotuvi's Dreadful Rot  Necr/Pois/Air  72%        N/A       1%          2
 Slow                     Hex            48%        N/A       5%          1
 Animate Armour           Summ/Erth      50%        N/A       12%         4
 Confusing Touch          Hex            12%        N/A       16%         3
 Cause Fear               Hex            6%         N/A       45%         4
 Iron Shot                Conj/Erth      6%         9d2       100%        6
 Dragon's Call            Summ           18%        N/A       100%        9
 Blade Hands              Tmut           Unusable   N/A       N/A         5
 Dragon Form              Tmut           Unusable   N/A       N/A         7

Dungeon Overview and Level Annotations

Branches:
Dungeon (9/15)             Temple (1/1) D:5
   Lair: D:8-11         Orc: D:9-12

Altars:
Ashenzari
Cheibriados
Dithmenos
Fedhas
Gozag
Hepliaklqana
Kikubaaqudgha
Makhleb
Nemelex Xobeh
Qazlal
Ru
Sif Muna
Uskayaw
Vehumet
Wu Jian
Xom
Yredelemnul

Annotations:
D:9 Joseph


Innate Abilities, Weirdness & Mutations

You are immune to poison.
Your flesh is cold resistant. (rC+)
You are immune to negative energy. (rN+++)
You are immune to unholy pain and torment.
You are vulnerable to heat. (rF-)
You are in touch with the powers of death.
You do not drink.
You have a special connection with the divine. (Faith)


Message History

The orange demon hits your tengu warrior zombie!
Your tengu warrior zombie looks weaker.
Amaemon points at the orange demon and mumbles some strange words.
The orange demon seems to grow toxic.
Your boulder beetle zombie is engulfed in blazing flames.
Your boulder beetle zombie completely misses Amaemon.
Your tengu warrior zombie closely misses the orange demon.
Your tengu warrior zombie pecks the orange demon.
Your tengu warrior zombie barely misses the orange demon.
The orange demon stings your tengu warrior zombie.
The orange demon hits your tengu warrior zombie.
Amaemon barely misses your tengu warrior zombie.
Amaemon claws your tengu warrior zombie.
Amaemon barely misses your tengu warrior zombie.
Your boulder beetle zombie is engulfed in blazing flames.
Your boulder beetle zombie bites Amaemon.
Your tengu warrior zombie hits the orange demon.
Your tengu warrior zombie pecks the orange demon but does no damage.
Your tengu warrior zombie completely misses the orange demon.
The orange demon stings your tengu warrior zombie!
The orange demon closely misses your tengu warrior zombie.
Amaemon hits your boulder beetle zombie but does no damage.
Amaemon claws your boulder beetle zombie but does no damage.
Amaemon tail-slaps your boulder beetle zombie.
Your boulder beetle zombie is engulfed in blazing flames.
Your boulder beetle zombie bites Amaemon!!
Amaemon dies!
Kikubaaqudgha accepts your kill.
Your Spellcasting skill increases to level 14!
Your Necromancy skill increases to level 10!
Your tengu warrior zombie hits the orange demon!
Your tengu warrior zombie pecks the orange demon.
Your tengu warrior zombie claws the orange demon but does no damage.
A sling bullet appears from out of your range of vision.
The sling bullet hits your tengu warrior zombie!
The sling bullet burns your tengu warrior zombie.
Your tengu warrior zombie is destroyed!
The orange demon stings your boulder beetle zombie from afar.
Casting: Summon Guardian Golem (dangerous; 3% risk of failure)
Confirm with . or Enter, or press ? or * to list all spells.
You don't know that spell.
The gnoll hits your boulder beetle zombie with a +0 whip of venom.
The orange demon stings your boulder beetle zombie from afar.
Your boulder beetle zombie bites the gnoll!
The gnoll dies!
Kikubaaqudgha accepts your kill.
A sling bullet appears from out of your range of vision.
The sling bullet barely misses your wolf.
The orange demon stings your boulder beetle zombie but does no damage.
Your boulder beetle zombie is engulfed in blazing flames.
Your boulder beetle zombie is destroyed!
A sling bullet appears from out of your range of vision.
The sling bullet barely misses your wolf.
A sling bullet appears from out of your range of vision.
The sling bullet hits your wolf! The sling bullet burns your wolf.
What are your orders? t - Shout!
Orders for allies: a - Attack new target. r - Retreat! s - Stop attacking. g - Guard the area. f - Follow me.
Anything else - Cancel.
Gang up on whom?
Press: ? - help, Dir - move target, f - gnoll
Aim: a gnoll, wielding a +0 vampiric whip and quivering a throwing net Attack!
The gnoll throws a throwing net.
The throwing net misses you.
Your wolf bites the gnoll.
You see here a throwing net.
Z - a throwing net
T - a ring of resist corrosion (left hand)
Your wolf bites the gnoll.
Something stings your wolf but does no damage.
Your wolf bites the gnoll.
Your wolf barely misses the gnoll.
Something stings your wolf!
Your wolf dies!
Your wolf's corpse disappears in a puff of smoke!
Casting: Call Canine Familiar (safe; 1% risk of failure)
Press: ? - help, Q - select action, (/) - cycle Dir - look around, f - activate Joseph, a Mercenary comes into view.
He is wielding a +3 sling of flaming.
What are your orders? t - Shout!
Orders for allies: a - Attack new target. r - Retreat! s - Stop attacking. g - Guard the area. f - Follow me.
Anything else - Cancel.
Gang up on whom?
Press: ? - help, Dir - move target, f - gnoll
Aim: a gnoll, wielding a +0 vampiric whip (severely wounded, ally target)
Okay, then.
You swap places.
Your hound closely misses the gnoll.
You hit the gnoll but do no damage.
The gnoll is severely wounded.
Your hound closely misses the gnoll.
The gnoll barely misses you.
Your hound barely misses the gnoll.
The gnoll hits you with a +0 vampiric whip.
* * * LOW HITPOINT WARNING * * *
Joseph shoots a sling bullet.
The sling bullet hits you!
* * * LOW HITPOINT WARNING * * *
The sling bullet burns you.
You die...
Kikubaaqudgha rasps: "You have failed me!
Welcome... oblivion!"

#.# #. ###.#####..
... ##......#... ....
#.........#.## .....
#.......# ..# ....# .
#.......## ..##....#
. #......@.###.....#
. ##..h@##.#/.....# .
#...g###.).#...## ##.
##......@#§#...# #..
####....#...#######.#
##...4.))###.....#
#..).)..4.........
####......#).........
≈≈≈≈.....##.........#
≈≈≈≈≈....###........#


You could see Joseph, a gnoll (ally target) and a friendly hound (summoned).

Vanquished Creatures
  Psyche (D:8)
  Sigmund (D:4)
  Grum (D:8)
  An acid dragon (D:8)
  An orc warrior (D:7)
  A wolf (D:8)
  A phantom (D:5)
  A scorpion (D:6)
  3 killer bees
  An electric eel (D:9)
  3 hounds
  A jelly (D:5)
  A sleepcap (D:6)
  An iguana (D:6)
  2 adders
  4 orcs
  A giant cockroach (D:4)
  A jackal (D:4)
  A kobold (D:4)
27 creatures vanquished.

Vanquished Creatures (collateral kills)
  Gastronok (D:8)
  A two-headed ogre (D:8)
  Amaemon (D:9)
  Grinder (D:3)
  A spriggan (D:8)
  A steam dragon (D:6)
  Menkaure (D:4)
  2 water moccasins
  An orc warrior (D:9)
  A sky beast (D:8)
  2 ogres
  A centaur (D:8)
  A wolf (D:8)
  2 bullfrogs
  A scorpion (D:6)
  2 wights
  2 killer bees (D:9)
  An electric eel (D:9)
  2 hounds
  6 orc priests
  2 sleepcaps (D:7)
  3 iguanas
  4 orc wizards
  3 adders (D:5)
  A gnoll (D:9)
  7 orcs
  2 endoplasms (D:4)
  2 hobgoblins
  A jackal (D:4)
  A quokka (D:1)
  4 ball pythons
  2 goblins
  2 kobolds
  A rat (D:3)
66 creatures vanquished.

Vanquished Creatures (others)
  A boulder beetle (D:9)
  A tengu warrior (D:9)
  A boulder beetle zombie (D:9)
  2 steam dragons (D:7)
  An acid dragon (D:9)
  A tengu zombie (D:9)
  An ice beast (D:7)
  A sky beast (D:7)
  A black bear (D:3)
  An ogre (D:5)
  3 wights
  4 killer bees
  A wolf zombie (D:8)
  An orc wizard (D:7)
  4 killer bee zombies (D:9)
  An acid dragon zombie (D:9)
  A gnoll zombie (D:8)
  A shadow imp (D:7)
  A white imp (D:7)
  8 orc zombies
  An adder zombie (D:9)
  2 orcs (D:6)
  A kobold zombie (D:9)
40 creatures vanquished.

Grand Total: 133 creatures vanquished

Notes
Turn   | Place    | Note
-------+----------+-------------------------------------------
     0 | D:1      | browni3141 the Mummy Summoner began the quest for the Orb.
     0 | D:1      | Reached XP level 1. HP: 13/13 MP: 4/4
   105 | D:3      | Reached skill level 3 in Spellcasting
   120 | D:4      | Noticed Sigmund
   150 | D:4      | Noticed a hound
   194 | D:4      | Killed a hound
   195 | D:4      | Reached skill level 4 in Spellcasting
   195 | D:4      | Reached XP level 2. HP: 3/19 MP: 0/7
   195 | D:4      | Gained mutation: You are in touch with the powers of death.
                  | [Mummy growth]
   195 | D:4      | Reached XP level 3. HP: 5/24 MP: 0/9
   198 | D:4      | Learned a level 2 spell: Call Imp
   202 | D:4      | Learned a level 3 spell: Call Canine Familiar
   282 | D:4      | Noticed a black bear
   319 | D:3      | Noticed Grinder
   365 | D:3      | Paralysed by Grinder for 4 turns
   405 | D:3      | Paralysed by Grinder for 3 turns
   426 | D:3      | Killed Grinder
   427 | D:3      | Reached skill level 6 in Spellcasting
   427 | D:3      | Reached XP level 4. HP: 27/33 MP: 0/12
   427 | D:3      | Reached XP level 5. HP: 31/38 MP: 0/14
   431 | D:3      | Learned a level 3 spell: Summon Guardian Golem
   436 | D:3      | Learned a level 4 spell: Summon Lightning Spire
   543 | D:3      | Killed a black bear
   544 | D:3      | Reached XP level 6. HP: 35/44 MP: 8/15
   697 | D:4      | Killed Sigmund
   698 | D:4      | Reached skill level 7 in Spellcasting
   786 | D:4      | Reached XP level 7. HP: 45/50 MP: 14/18
   980 | D:4      | Noticed Menkaure
   997 | D:4      | Killed Menkaure
   998 | D:4      | Reached skill level 8 in Spellcasting
  1165 | D:5      | Entered Level 5 of the Dungeon
  1372 | D:5      | Found a staircase to the Ecumenical Temple.
  1394 | Temple   | Entered the Ecumenical Temple
  1481 | D:5      | Found a hide-covered altar of Uskayaw.
  1515 | D:5      | Reached skill level 9 in Spellcasting
  1690 | D:5      | Reached XP level 8. HP: 56/56 MP: 12/21
  1765 | D:5      | Reached skill level 10 in Spellcasting
  1772 | D:5      | Found a radiant altar of Vehumet.
  1987 | D:6      | Reached skill level 6 in Summonings
  2162 | D:6      | Found a shimmering blue altar of Sif Muna.
  2162 | D:6      | Found a hazy altar of Hepliaklqana.
  2164 | D:6      | Found a shimmering altar of Xom.
  2164 | D:6      | Found an ancient bone altar of Kikubaaqudgha.
  2167 | D:6      | Became a worshipper of Kikubaaqudgha
  2487 | D:7      | Reached XP level 9. HP: 61/61 MP: 23/23
  2612 | D:7      | Reached skill level 3 in Necromancy
  3080 | D:7      | Identified a scroll of acquirement
  3084 | D:7      | Acquired a manual of Spellcasting
  3089 | D:8      | Noticed Psyche
  3105 | D:8      | Killed Psyche
  3107 | D:8      | Reached skill level 6 in Necromancy
  3111 | D:8      | Reached skill level 11 in Spellcasting
  3119 | D:8      | Reached * piety under Kikubaaqudgha
  3119 | D:8      | Received a gift from Kikubaaqudgha
  3127 | D:8      | Learned a level 4 spell: Animate Dead
  3131 | D:8      | Learned a level 3 spell: Vampiric Draining
  3170 | D:8      | Noticed Grum
  3184 | D:8      | Killed Grum
  3241 | D:8      | Noticed a two-headed ogre
  3253 | D:8      | Your ally Grum died
  3260 | D:8      | Killed a two-headed ogre
  3261 | D:8      | Reached skill level 12 in Spellcasting
  3261 | D:8      | Reached XP level 10. HP: 45/67 MP: 5/26
  3319 | D:8      | Found an opulent altar of Gozag.
  3366 | D:8      | Noticed Gastronok
  3389 | D:8      | Killed Gastronok
  3390 | D:8      | Reached skill level 13 in Spellcasting
  3435 | D:8      | Reached skill level 9 in Necromancy
  3636 | D:9      | HP: 1/67 [electric eel/bolt of electricity (11)]
  3643 | D:9      | Noticed Amaemon
  3649 | D:9      | Noticed an orange demon
  3665 | D:9      | Killed Amaemon
  3666 | D:9      | Reached skill level 14 in Spellcasting
  3676 | D:9      | Noticed Joseph
  3679 | D:9      | Shot with a sling bullet by Joseph

Illustrated notes

Levels and vault maps discovered:
D:1:      minmay_arrival_three_doors, layout_basic
D:2:      layout_basic
D:3:      layout_basic, trog_wizard, st_stairs_9, uniq_grinder,
          uniq_crazy_yiuf_cottage
D:4:      layout_rooms, serial_forest, infiniplex_forest_end_1,
          infiniplex_forest_lined_2, infiniplex_forest_zigzag_1,
          infiniplex_forest_lined_room_2,
          nicolae_concentric_dashed_squares_wild, uniq_sigmund, uniq_menkaure
D:5:      layout_cave_pods, mainiacjoe_overflow_surrounded_room,
          vehumet_altar_wand_db, minmay_temple_entry_statues,
          mrwooster_statue_mirror
D:6:      layout_cave_pools, mainiacjoe_overflow_alcove_3,
          kennysheep_another_room
D:7:      layout_basic
D:8:      layout_cave_pools, grunt_gozag_statues, the_hattery, uniq_psyche,
          uniq_gastronok, uniq_grum
D:9:      layout_cave_pools, kennysheep_orc_monster_closet_entryway,
          gammafunk_ghost_nasty_kobolds, serial_shops, shop_fountains,
          nicolae_shop_tiny_statue_garden, shop, kennysheep_island_fort,
          uniq_amaemon, uniq_joseph, uniq_erolcha
Temple:   compressed_dpeg_triangle_lava_temple

Skill      XL: |  1  2  3  4  5  6  7  8  9 10 |
---------------+-------------------------------+-----
Spellcasting   | 4 6 7 9 10 12 14 | 14.0
Fighting       | 2 |  2.0
Dodging        | 2 |  2.0
Stealth        | 2 |  2.0
Summonings     | 4 5 7 |  7.0
Evocations     | 2 |  2.0
Necromancy     | 1 7 10 | 10.0

Action                     |  1- 3 |  4- 6 |  7- 9 | 10-12 || total
---------------------------+-------+-------+-------+-------++-------
  Melee: Unarmed           |    19 |       |       |       ||    19
         Dagger            |     4 |     4 |       |       ||     8
         Halberd           |       |    10 |   135 |    19 ||   164
   Cast: Summon Small Mamm |    17 |       |     1 |       ||    18
         Call Canine Famil |     3 |     4 |    28 |     9 ||    44
         Call Imp          |     3 |     1 |     9 |     3 ||    16
         Summon Guardian G |       |     3 |    12 |     4 ||    19
         Summon Lightning  |       |       |     7 |     4 ||    11
         Animate Dead      |       |       |     1 |     1 ||     2
 Invoke: Unearth Wretches  |       |       |       |     2 ||     2
  Evoke: Wand              |       |       |     5 |     4 ||     9
    Use: Scroll            |       |       |     9 |       ||     9
   Stab: Sleeping          |       |       |     2 |     1 ||     3
         Distracted        |       |       |     1 |       ||     1
         Paralysed         |       |       |       |     2 ||     2
 Armour: Robe              |     3 |     2 |    20 |       ||    25
         Steam dragon scal |       |       |    28 |     8 ||    36
  Dodge: Dodged            |    45 |    26 |   166 |    27 ||   264
